 Dungeon Crawl Stone Soup version 0.21.1-1-g345015f (webtiles) character file.

176 Flooderbenga the Grave Robber (level 5, -6/37 HPs)
             Began as a Gnoll Necromancer on Apr 10, 2018.
             Mangled by an ogre
             ... wielding a +0 giant spiked club
              (19 damage)
             ... on level 5 of the Dungeon.
             The game lasted 00:16:18 (827 turns).

Flooderbenga the Grave Robber (Gnoll Necromancer)    Turns: 827, Time: 00:16:18

Health: -6/37      AC:  5    Str: 10    XL:     5   Next: 56%
Magic:  6/12       EV: 12    Int: 19    God:
Gold:   82         SH:  0    Dex: 12    Spells: 4/14 levels left

rFire    . . .     SeeInvis .   x - +0 spear (vamp)
rCold    . . .     Gourm    .   (no shield)
rNeg     . . .     Faith    .   w - +0 ring mail (curse)
rPois    .         Spirit   .   (no helmet)
rElec    .         Reflect  .   (no cloak)
rCorr    .         Harm     .   (no gloves)
MR       .....                  (no boots)
Stlth    ++........             (no amulet)
HPRegen  0.12/turn              l - -3 ring of dexterity (curse)
MPRegen  0.13/turn              (no ring)

@: no status effects
A: distributed training, fangs 1, strong nose
a: no special abilities


You were on level 5 of the Dungeon.
You were hungry.

You visited 1 branch of the dungeon, and saw 6 of its levels.

You collected 82 gold pieces.

Inventory:

Hand Weapons
 k - a +0 dagger
 x - a +0 vampiric spear (weapon)
Missiles
 d - 40 sling bullets
 m - 27 stones
 s - 5 silver tomahawks (quivered)
 t - 15 arrows
Armour
 a - a +0 robe
 e - a +0 ring mail
 w - a cursed +0 ring mail (worn)
Jewellery
 l - a cursed -3 ring of dexterity (left hand)
Scrolls
 i - a scroll of enchant weapon {unknown}
 n - a scroll of remove curse {unknown}
 q - a scroll of enchant armour {unknown}
 r - a scroll of identify {@r1}
 u - a scroll of immolation {unknown}
 v - a scroll of amnesia {unknown}
Potions
 f - 3 potions of lignification {unknown}
 g - a potion of heal wounds {@q2}
 h - a potion of mutation {unknown}
 j - a potion of haste {unknown}
 o - a potion of degeneration {unknown}
 p - a potion of might {unknown}
 z - a potion of curing {unknown}
Books
 b - a book of Necromancy

   Spells                             Type                      Level
   a - Pain                           Necromancy                   1
   b - Animate Skeleton               Necromancy                   1
   c - Vampiric Draining              Necromancy                   3
   d - Regeneration                   Charms/Necromancy            3
   e - Animate Dead                   Necromancy                   4
   f - Borgnjor's Vile Clutch         Necromancy/Earth             5
Comestibles
 c - 2 rations


   Skills:
 + Level 1.5 Fighting
 + Level 1.5 Short Blades
 + Level 1.5 Long Blades
 + Level 1.5 Axes
 + Level 1.5 Maces & Flails
 + Level 1.5 Polearms
 + Level 1.5 Staves
 + Level 1.5 Slings
 + Level 1.5 Bows
 + Level 1.5 Crossbows
 + Level 1.5 Throwing
 + Level 1.5 Armour
 + Level 4.8 Dodging
 + Level 4.4 Stealth
 + Level 1.5 Shields
 + Level 1.5 Unarmed Combat
 + Level 5.2 Spellcasting
 + Level 1.2 Conjurations
 + Level 1.2 Hexes
 + Level 1.2 Charms
 + Level 1.2 Summonings
 + Level 7.2 Necromancy
 + Level 1.2 Translocations
 + Level 1.2 Transmutations
 + Level 1.2 Fire Magic
 + Level 1.2 Ice Magic
 + Level 1.2 Air Magic
 + Level 1.2 Earth Magic
 + Level 1.2 Poison Magic
 + Level 1.7 Invocations
 + Level 1.5 Evocations


You had 4 spell levels left.
You knew the following spells:

 Your Spells              Type           Power        Failure   Level  Hunger
a - Pain                  Necr           ####         1%          1    None
b - Borgnjor's Vile Clut  Necr/Erth      ###.......   83%         5    ######.
r - Regeneration          Chrm/Necr      ###.......   16%         3    ##.....
z - Animate Skeleton      Necr           N/A          1%          1    None


Dungeon Overview and Level Annotations

Branches:
Dungeon (6/15)
 Temple: D:4-7

Altars:
Ashenzari
Trog
Zin

Annotations:
D:5 exclusion: downstairs
D:6 Grinder


Innate Abilities, Weirdness & Mutations

Your experience applies equally to all skills.
You have very sharp teeth.
Your uncanny sense of smell can sniff out nearby items.


Message History

The ogre writhes in agony!
You take 1 damage, and have 34/37 hp.
You now have 11/12 mp.
Aim: an ogre, wielding a giant spiked club (moderately wounded, chance to defeat MR: 84%)
The ogre writhes in agony!
You take 1 damage, and have 33/37 hp.
You now have 10/12 mp.
Aim: an ogre, wielding a giant spiked club (heavily wounded, chance to defeat MR: 84%)
The ogre barely resists.
You take 1 damage, and have 32/37 hp.
You now have 9/12 mp.
Aim: an ogre, wielding a giant spiked club (heavily wounded, chance to defeat MR: 84%)
The ogre writhes in agony!
The ogre hits you with a giant spiked club!
You take 17 damage, and have 15/37 hp.
MASSIVE DAMAGE!!
You now have 8/12 mp.
Aim: an ogre, wielding a giant spiked club (severely wounded, chance to defeat MR: 84%)
The ogre barely resists.
You take 1 damage, and have 14/37 hp.
You now have 7/12 mp.
Aim: an ogre, wielding a giant spiked club (severely wounded, chance to defeat MR: 84%)
The ogre barely resists.
The ogre hits you with a giant spiked club!!
Ouch! That really hurt!
You die...

.####..###.## *,,,* *,**,,,
.......###.# *,,.# *,**,**
.......##..# *,,.# *,,,,,,
#########.### *,..# ****,**
....#.......# *$..# *,*
....#.......#######...##******,**
....#.................((,,,,,,,,*
..%.....................,,,,,,,,,
....#...........@O......,,,,,,,,,
....#...)...#######...##****,***,
....#.......# *,..# *,* *,
#########.### *,,,* ****,***, #.#
**,,,***,,,,,,*, ###### #.#
*,***,**,**,*,*, .....# #.#
**,*,***,**,*,*, .#*#.# #.# *,<,*
*,**,,,,,
.###.####.########***,***,****,**


You could see an ogre.

Vanquished Creatures
  An ice beast (D:5)
  A hound (D:6)
  3 adders (D:2)
  A worm (D:2)
  3 bats (D:1)
  A giant cockroach (D:4)
  2 goblins
  2 hobgoblins (D:1)
  7 jackals
  2 kobolds
  A frilled lizard (D:1)
  3 rats
27 creatures vanquished.

Vanquished Creatures (collateral kills)
  A rat (D:2)
1 creature vanquished.

Grand Total: 28 creatures vanquished

Notes
Turn   | Place    | Note
-------+----------+-------------------------------------------
     0 | D:1      | Flooderbenga the Gnoll Necromancer began the quest for the Orb.
     0 | D:1      | Reached XP level 1. HP: 13/13 MP: 6/6
    56 | D:1      | Reached XP level 2. HP: 13/19 MP: 2/7
    62 | D:1      | Learned a level 1 spell: Animate Skeleton
   216 | D:2      | Reached skill level 5 in Spellcasting
   216 | D:2      | Reached XP level 3. HP: 17/25 MP: 2/9
   254 | D:2      | Learned a level 3 spell: Regeneration
   410 | D:2      | Reached skill level 1 in Invocations
   545 | D:5      | Entered Level 5 of the Dungeon
   545 | D:5      | Found a shattered altar of Ashenzari.
   546 | D:5      | Found a bloodstained altar of Trog.
   566 | D:5      | Reached skill level 1 in Fighting
   566 | D:5      | Reached skill level 1 in Short Blades
   566 | D:5      | Reached skill level 1 in Long Blades
   566 | D:5      | Reached skill level 1 in Axes
   566 | D:5      | Reached skill level 1 in Maces & Flails
   566 | D:5      | Reached skill level 1 in Polearms
   566 | D:5      | Reached skill level 1 in Staves
   566 | D:5      | Reached skill level 1 in Slings
   566 | D:5      | Reached skill level 1 in Bows
   566 | D:5      | Reached skill level 1 in Crossbows
   566 | D:5      | Reached skill level 1 in Throwing
   566 | D:5      | Reached skill level 1 in Armour
   566 | D:5      | Reached skill level 1 in Shields
   566 | D:5      | Reached skill level 1 in Unarmed Combat
   566 | D:5      | Reached skill level 1 in Evocations
   572 | D:5      | Reached XP level 4. HP: 18/32 MP: 2/11
   615 | D:6      | Noticed Grinder
   626 | D:5      | Noticed an ice beast
   632 | D:5      | HP: 1/32 [ice beast (14)]
   634 | D:5      | Killed an ice beast
   634 | D:5      | Reached skill level 1 in Conjurations
   634 | D:5      | Reached skill level 1 in Hexes
   634 | D:5      | Reached skill level 1 in Charms
   634 | D:5      | Reached skill level 1 in Summonings
   634 | D:5      | Reached skill level 1 in Translocations
   634 | D:5      | Reached skill level 1 in Transmutations
   634 | D:5      | Reached skill level 1 in Fire Magic
   634 | D:5      | Reached skill level 1 in Ice Magic
   634 | D:5      | Reached skill level 1 in Air Magic
   634 | D:5      | Reached skill level 1 in Earth Magic
   634 | D:5      | Reached skill level 1 in Poison Magic
   634 | D:5      | Reached XP level 5. HP: 1/37 MP: 3/12
   644 | D:5      | Learned a level 5 spell: Borgnjor's Vile Clutch
   653 | D:6      | Found a glowing silver altar of Zin.
   819 | D:5      | Noticed an ogre
   827 | D:5      | Mangled by an ogre

Skill      XL: |  1  2  3  4 |
---------------+-------------+-----
Spellcasting   | 5 |  5.2
Invocations    | 1 |  1.7
Fighting       | 1 |  1.5
Short Blades   | 1 |  1.5
Long Blades    | 1 |  1.5
Axes           | 1 |  1.5
Maces & Flails | 1 |  1.5
Polearms       | 1 |  1.5
Staves         | 1 |  1.5
Slings         | 1 |  1.5
Bows           | 1 |  1.5
Crossbows      | 1 |  1.5
Throwing       | 1 |  1.5
Armour         | 1 |  1.5
Shields        | 1 |  1.5
Unarmed Combat | 1 |  1.5
Evocations     | 1 |  1.5
Conjurations   | 1 |  1.2
Hexes          | 1 |  1.2
Charms         | 1 |  1.2
Summonings     | 1 |  1.2
Translocations | 1 |  1.2
Transmutations | 1 |  1.2
Fire Magic     | 1 |  1.2
Ice Magic      | 1 |  1.2
Air Magic      | 1 |  1.2
Earth Magic    | 1 |  1.2
Poison Magic   | 1 |  1.2
Dodging        | |  4.8
Stealth        | |  4.4
Necromancy     | |  7.2

Action                   |  1- 3 |  4- 6 || total
-------------------------+-------+-------++-------
Melee: Dagger            |     2 |       ||     2
       Spear             |       |    13 ||    13
Throw: Stone             |     1 |       ||     1
       Tomahawk          |       |     2 ||     2
 Cast: Pain              |    44 |    14 ||    58
       Animate Skeleton  |     2 |     1 ||     3
       Regeneration      |     1 |     1 ||     2
  Use: Scroll            |       |     2 ||     2
  Eat: Ration            |       |     1 ||     1
Armor: Ring mail         |     7 |     9 ||    16
Dodge: Dodged            |    12 |     9 ||    21
